 Dungeon Crawl Stone Soup version 0.21.0-37-g46506fa (webtiles) character file.

95 Firecrotchwizard the Cudgeler (level 4, -2/27 HPs)
             Began as a Gargoyle Gladiator on Jan 31, 2018.
             Killed from afar by an orc wizard (3 damage)
             ... with a magic dart
             ... on level 2 of the Dungeon.
             The game lasted 00:03:18 (1708 turns).

Firecrotchwizard the Cudgeler (Gargoyle Gladiator)  Turns: 1708, Time: 00:03:19

Health: -2/27      AC:  9    Str: 17    XL:     4   Next: 66%
Magic:  4/4        EV: 11    Int:  9    God:
Gold:   113        SH:  0    Dex: 12    Spells: 3/3 levels left

rFire    . . .     SeeInvis .   a - +0 flail
rCold    . . .     Gourm    .   (no shield)
rNeg     + . .     Faith    .   h - +0 ring mail
rPois    ∞         Spirit   .   c - +0 helmet
rElec    +         Reflect  .   (no cloak)
rCorr    .         Harm     .   (no gloves)
MR       .....                  (no boots)
Stlth    +.........             (no amulet)
HPRegen  0.09/turn              (no ring)
MPRegen  0.09/turn              (no ring)

@: no status effects
A: negative energy resistance 1, electricity resistance, unbreathing,
petrification resistance, rot immunity, AC +3
a: no special abilities


You were on level 2 of the Dungeon.
You were not hungry.

You visited 1 branch of the dungeon, and saw 2 of its levels.

You collected 113 gold pieces.

Inventory:

Hand Weapons
 a - a +0 flail (weapon)
 g - a +1 dagger of draining
   (You found it on level 1 of the Dungeon)
 i - a +2 hunting sling of freezing
   (You took it off a goblin on level 2 of the Dungeon)
Missiles
 d - 3 throwing nets {=f, !d}
Armour
 b - a +0 leather armour
 c - a +0 helmet (worn)
 h - a +0 ring mail (worn)
   (You found it on level 1 of the Dungeon)
Scrolls
 j - a scroll of remove curse {unknown}
 m - a scroll of enchant weapon {unknown}
 n - 4 scrolls of identify {unknown}
 p - a scroll of amnesia {unknown}
Potions
 e - a potion of brilliance {unknown}
 k - a potion of curing {unknown}
Comestibles
 f - 4 rations {@e1}
 o - 9 chunks of flesh {@w0}


   Skills:
 + Level 2.5 Fighting
 * Level 5.1 Maces & Flails
 - Level 1.7 Throwing
 - Level 2.4 Dodging


You had 3 spell levels left.
You didn't know any spells.

Dungeon Overview and Level Annotations

Branches:
Dungeon (2/15)

Altars:
Nemelex Xobeh


Innate Abilities, Weirdness & Mutations

You are resistant to torment.
Your stone body is resilient. (AC +3)
You are immune to poison.
You resist negative energy. (rN+)
You are resistant to electric shocks. (rElec)
You can survive without breathing.
You are immune to petrification.
You are immune to rotting.


Message History

The hobgoblin hits you but does no damage.
You hit the hobgoblin. The hobgoblin hits you with a club.
You take 3 damage, and have 23/26 hp.
You barely miss the hobgoblin. The hobgoblin barely misses you.
You sock the hobgoblin!
You kill the hobgoblin!
No target in view!
No target in view!
Things that are here:
a club; a hobgoblin corpse You butcher the hobgoblin corpse.
o - 5 chunks of flesh {@w0} (gained 4)
You see here a club. x2
Eating one of 5 chunks of flesh {@w0}.
You eat one of the 5 chunks of flesh {@w0}.
An orc comes into view. It is wielding a hand axe.
Health restored: 26 The orc shouts!
You hear a shout!
An orc comes into view. It is wielding a whip.
You barely miss the orc. The orc hits you but does no damage.
The orc misses you.
You closely miss the orc. The orc closely misses you.
You completely miss the orc. The orc misses you.
You thump the orc!
You kill the orc!
The orc curses noisily.
Things that are here:
a hand axe; a ring mail; an orc corpse You hit the orc.
You kill the orc!
No target in view!
You butcher the orc corpse.
o - 6 chunks of flesh {@w0} (gained 2)
Things that are here:
a hand axe; a ring mail
Things that are here:
a hand axe; a ring mail
Things that are here:
a whip; an orc corpse You butcher the orc corpse.
o - 9 chunks of flesh {@w0} (gained 3)
You see here a whip. x2
The orc shouts!
You hear a shout!
The orc is too close now for your liking.
An orc priest comes into view. It is wielding a club.
The orc priest shouts!
The orc wizard shouts!
The orc priest mumbles some strange prayers to Beogh against you.
Beogh smites you!
You take 12 damage, and have 14/26 hp.
MASSIVE DAMAGE!!
The orc wizard casts a spell.
The orc wizard blinks!
The orc priest looks satisfied for a moment.
The orc priest looks satisfied for a moment.
You are too injured to fight recklessly!
You are too injured to fight recklessly!
You closely miss the orc. The orc hits you but does no damage.
You barely miss the orc. The orc hits you but does no damage.
You barely miss the orc. The orc closely misses you.
You barely miss the orc. You sock the orc!
You kill the orc!
You thump the orc priest! The orc priest hits you with a club.
You take 2 damage, and have 14/26 hp.
You hit the orc priest but do no damage.
The orc priest misses you. The orc priest completely misses you.
You barely miss the orc priest. The orc priest barely misses you.
You hit the orc priest but do no damage.
The orc priest mumbles some strange prayers to Beogh against you.
Pain shoots through your body!
You take 5 damage, and have 9/26 hp.
You barely miss the orc priest. The orc priest completely misses you.
You thump the orc priest!
You kill the orc priest!
Your Maces & Flails skill increases to level 5!
You barely miss the orc wizard.
The orc wizard gestures at you while chanting.
The magic dart hits you!
* * * LOW HITPOINT WARNING * * *
You take 6 damage, and have 4/27 hp.
MASSIVE DAMAGE!!
You hit the orc wizard but do no damage.
The orc wizard hits you with a dagger.
* * * LOW HITPOINT WARNING * * *
You take 2 damage, and have 2/27 hp.
You barely miss the orc wizard.
The orc wizard hits you but does no damage.
You miss the orc wizard. The orc wizard hits you with a dagger.
* * * LOW HITPOINT WARNING * * *
You take 1 damage, and have 1/27 hp.
You closely miss the orc wizard.
The orc wizard casts a spell.
The orc wizard seems to speed up.
You hit the orc wizard.
The orc wizard hits you but does no damage. x2
You hit the orc wizard.
The orc wizard hits you but does no damage.
The orc wizard gestures at you while chanting.
The magic dart hits you!
You die...

....##.# #.##.....##)#.####)#
###.##.# #.###.##...)#......#
>.#.##.# #.# #.##.##..#######
..#.##.# #.# #.##.#..........
###.##.# #.###+##.#.#..######
.......# #.##...#.#.#..#.....
.##.#..# #.##.....#.#....##..
.#..#..# #.##...###.##.......
.#..#..#######..@.......##.......
.#####......#..o##########.......
.# #..###.#..#.....o...........
.### #..# #......#########.§#....
...# #..# ####..## ....#....
...###.## #..# ≈...#..(. _......#
#..# .....#.... ..#..#.# #..#
.o....# .. .##..#.# ##.#o
..o....#


You could see an orc wizard.

Vanquished Creatures
  An orc priest (D:2)
  An adder (D:2)
  An ooze (D:1)
  A dart slug (D:2)
  2 leopard geckos
  3 orcs (D:2)
  4 giant cockroaches
  5 goblins
  10 hobgoblins
  2 jackals (D:1)
  4 kobolds
  A ball python (D:2)
  4 bats
  A frilled lizard (D:2)
  2 rats
42 creatures vanquished.

Notes
Turn   | Place    | Note
-------+----------+-------------------------------------------
     0 | D:1      | Firecrotchwizard the Gargoyle Gladiator began the quest for the Orb.
     0 | D:1      | Reached XP level 1. HP: 12/12 MP: 1/1
   132 | D:1      | Reached XP level 2. HP: 6/17 MP: 2/2
   628 | D:1      | Reached skill level 4 in Maces & Flails
   751 | D:1      | Reached XP level 3. HP: 21/21 MP: 3/3
  1371 | D:2      | Reached XP level 4. HP: 25/26 MP: 4/4
  1523 | D:2      | Found a sparkling altar of Nemelex Xobeh.
  1700 | D:2      | Reached skill level 5 in Maces & Flails
  1702 | D:2      | HP: 4/27 [orc wizard/magic dart (6)]
  1705 | D:2      | HP: 1/27 [orc wizard/dagger (1)]
  1708 | D:2      | Killed from afar by an orc wizard

Skill      XL: |  1  2  3  4 |
---------------+-------------+-----
Maces & Flails | 4 5 |  5.1
Fighting       | |  2.5
Throwing       | |  1.7
Dodging        | |  2.4

Action                   |  1- 3 |  4- 6 || total
-------------------------+-------+-------++-------
Melee: Flail             |   101 |    54 ||   155
  Eat: Chunk             |     1 |     2 ||     3
Armor: Ring mail         |    62 |    20 ||    82
Dodge: Dodged            |    65 |    23 ||    88

Vault maps used:
D:1:      minmay_arrival_nine_rooms, corexii_leaking_fountain,
          minmay_crystal_room
D:2:      cheibrodos_pilgrimage, nicolae_overflow_crystal_walls

Table legend:
 A = Turns spent in this place as a percentage of turns spent in the entire game.
 B = Non-inter-level travel turns spent in this place as a percentage of non-inter-level travel turns spent in the entire game.
 C = Inter-level travel turns spent in this place as a percentage of turns spent in this place.
 D = Turns resting spent in this place as a percentage of non-inter-level travel turns spent in this place.
 E = Turns spent auto-exploring this place as a percentage of non-inter-level travel turns spent in this place.
 F = Non-inter-level travel turns spent in this place divided by the number of levels of this place that you've seen.
                   A       B       C       D       E      F
               +-------+-------+-------+-------+-------+----------------------
         Total | 100.0 | 100.0 |   3.0 |  18.2 |  60.5 | 828.5
       Dungeon | 100.0 | 100.0 |   3.0 |  18.2 |  60.5 | 828.5
               +-------+-------+-------+-------+-------+----------------------

Table legend:
 A = Kills in this place as a percentage of kills in entire the game.
 B = Kills by you in this place as a percentage of kills by you in the entire game.
 C = Kills by friends in this place as a percentage of kills by friends in the entire game.
 D = Other kills in this place as a percentage of other kills in the entire game.
 E = Experience gained in this place as a percentage of experience gained in the entire game.
 F = Experience gained in this place divided by the number of levels of this place that you have seen.
                   A       B       C       D       E      F
               +-------+-------+-------+-------+-------+----------------------
         Total | 100.0 | 100.0 |   N/A |   N/A | 100.0 |  68.5
       Dungeon | 100.0 | 100.0 |   N/A |   N/A | 100.0 |  68.5
               +-------+-------+-------+-------+-------+----------------------
